[ AOE2 MATCH · #480447697 ]
UnrankedBritons vs Celts
[ REPLAY ANALYSIS · EXTRACTED FROM THE RECORDED GAME ]
Feudal
10:13
Castle
—
Imperial
—
| APM avg | 24.3 |
| APM peak | 84 |
| eAPM avg | 8.1 |
| Villagers / military | 52 / 42 |
Focus
⚔️ 29.7% · 🌾 70.3%
Archer ×42
Feudal
—
Castle
—
Imperial
—
| APM avg | 20.1 |
| APM peak | 47 |
| eAPM avg | 14.0 |
| Villagers / military | 96 / 195 |
Focus
⚔️ 39.3% · 🌾 60.7%
Knight ×152 · Scorpion ×31 · Trade Cart ×28 · Trebuchet (Packed) ×7 · Spearman ×5
Feudal
—
Castle
—
Imperial
—
| APM avg | 21.3 |
| APM peak | 58 |
| eAPM avg | 13.1 |
| Villagers / military | 108 / 140 |
Focus
⚔️ 23.1% · 🌾 76.9%
Hand Cannoneer ×108 · Bombard Cannon ×20 · Trade Cart ×10 · Hussite Wagon ×6 · Mangonel ×3 · Battering Ram ×2
Feudal
11:54
Castle
26:08
Imperial
37:15
| APM avg | 19.3 |
| APM peak | 63 |
| eAPM avg | 11.7 |
| Villagers / military | 123 / 390 |
Focus
⚔️ 39.9% · 🌾 60.1%
Spearman ×298 · Skirmisher ×69 · Battering Ram ×12 · Trebuchet (Packed) ×7 · Mangonel ×4
Match map
Initial resources + every placement click. Lines = walls · curves = elevation contours. ◆ gold · ⬟ stone · ● berries · ✦ relic · ◌ wall gap
Your base· ✓ Closed at 12:00 · 0t walls · 2 gate(s)
camiloCH2002's base· ✓ Closed at 13:56 · 0t walls · 2 gate(s)
Dinasty FC's base· ✓ Closed at 13:07 · 0t walls · 2 gate(s)
Johsebass's base· ✓ Closed at 26:08 · 0t walls · 2 gate(s)
Smoothed initial terrain · ◌ = detected wall gap · hover for details
Inputs per minute
— osmevoll - - camiloCH2002
Build order — osmevoll
132 actions detected in the replay
| 0:01 | Create | Villager (Male) |
| 0:01 | Create | Villager (Male) |
| 0:02 | Build | House |
| 0:05 | Build | House |
| 0:15 | Create | Villager (Male) |
| 0:16 | Create | Villager (Male) |
| 1:18 | Create | Villager (Male) |
| 1:20 | Build | Lumber Camp |
| 1:53 | Create | Villager (Male) |
| 2:16 | Create | Villager (Male) |
| 2:45 | Create | Villager (Male) |
| 3:15 | Create | Villager (Male) |
| 3:37 | Create | Villager (Male) |
| 3:50 | Build | House |
| 3:51 | Build | House |
| 3:56 | Create | Villager (Male) |
| 4:17 | Create | Villager (Male) |
| 4:21 | Build | Mill |
| 4:36 | Create | Villager (Male) |
| 5:02 | Create | Villager (Male) |
| 5:50 | Create | Villager (Male) |
| 6:03 | Create | Villager (Male) |
| 6:26 | Create | Villager (Male) |
| 6:46 | Build | Lumber Camp |
| 6:58 | Create | Villager (Male) |
| 7:19 | Create | Villager (Male) |
| 7:38 | Research | Loom |
| 7:55 | Research | Feudal Age |
| 8:14 | Create | Villager (Male) |
| 8:40 | Create | Villager (Male) |
| 8:41 | Create | Villager (Male) |
| 9:11 | Create | Villager (Male) |
| 9:30 | Build | House |
| 9:31 | Build | House |
| 9:44 | Build | Barracks |
| 10:13 | Age | Feudal Age |
| 10:41 | Build | Mining Camp |
| 10:50 | Build | Farm |
| 10:57 | Build | Farm |
| 11:13 | Build | Archery Range |
| 11:14 | Build | Archery Range |
| 11:21 | Build | Farm |
| 11:33 | Create | Villager (Male) |
| 11:41 | Build | Blacksmith |
| 12:17 | Create | Villager (Male) |
| 12:21 | Build | Farm |
| 12:29 | Create | Villager (Male) |
| 12:34 | Build | House |
| 12:35 | Build | House |
| 12:41 | Research | Double-Bit Axe |
| 12:48 | Create | Archer |
| 12:51 | Create | Villager (Male) |
| 12:57 | Create | Archer |
| 13:02 | Build | Farm |
| 13:08 | Build | Farm |
| 13:15 | Create | Villager (Male) |
| 13:26 | Create | Archer |
| 13:27 | Create | Archer |
| 13:48 | Build | Farm |
| 13:51 | Create | Villager (Male) |
| 14:01 | Research | Wheelbarrow |
| 14:27 | Create | Archer |
| 14:27 | Create | Archer |
| 14:41 | Create | Villager (Male) |
| 14:42 | Create | Villager (Male) |
| 14:50 | Build | Farm |
| 14:53 | Create | Villager (Male) |
| 14:56 | Create | Archer |
| 14:56 | Create | Archer |
| 15:07 | Build | House |
| 15:08 | Build | House |
| 15:21 | Create | Villager (Male) |
| 15:24 | Create | Archer |
| 15:30 | Build | House |
| 15:54 | Create | Archer |
| 16:04 | Build | House |
| 16:16 | Build | Farm |
| 16:20 | Build | Farm |
| 16:24 | Build | Farm |
| 16:27 | Build | Farm |
| 16:35 | Build | Farm |
| 16:37 | Build | Farm |
| 16:40 | Create | Villager (Male) |
| 16:40 | Research | Horse Collar |
| 16:47 | Research | Fletching |
| 17:02 | Create | Archer |
| 17:06 | Build | House |
| 17:07 | Build | House |
| 17:08 | Build | House |
| 17:18 | Create | Villager (Male) |
| 17:19 | Create | Villager (Male) |
| 17:31 | Create | Archer |
| 17:32 | Create | Archer |
| 17:46 | Build | Farm |
| 18:20 | Create | Villager (Male) |
| 18:21 | Create | Archer |
| 18:21 | Create | Archer |
| 18:57 | Create | Villager (Male) ×5 |
| 18:58 | Create | Archer ×3 |
| 19:31 | Create | Archer ×2 |
| 19:33 | Create | Archer |
| 21:06 | Build | Watch Tower |
| 23:01 | Build | Stone Wall |
| 23:47 | Create | Archer ×5 |
| 23:47 | Create | Archer ×5 |
| 24:38 | Build | Farm |
| 24:38 | Build | Farm |
| 24:43 | Build | Farm |
| 25:13 | Build | Farm |
| 25:14 | Build | Farm |
| 25:27 | Create | Villager (Male) |
| 25:28 | Create | Villager (Male) |
| 25:28 | Create | Villager (Male) |
| 25:28 | Create | Villager (Male) |
| 25:29 | Create | Villager (Male) |
| 26:22 | Create | Archer ×4 |
| 27:00 | Build | Lumber Camp |
| 27:33 | Create | Archer |
| 27:45 | Build | Stone Wall |
| 28:45 | Create | Villager (Male) |
| 28:45 | Create | Villager (Male) |
| 28:45 | Create | Villager (Male) |
| 29:11 | Create | Villager (Male) |
| 29:12 | Create | Villager (Male) |
| 29:14 | Create | Archer ×4 |
| 29:29 | Build | Mining Camp |
| 29:43 | Build | House |
| 29:44 | Build | House |
| 29:45 | Build | House |
| 29:47 | Build | House |
| 31:13 | Create | Archer |
| 31:13 | Create | Archer |
Build order — camiloCH2002
First 150 of 416 actions detected
| 0:02 | Create | Villager (Male) |
| 0:02 | Create | Villager (Male) |
| 0:02 | Create | Villager (Male) |
| 0:02 | Create | Villager (Male) |
| 0:04 | Build | House |
| 0:07 | Build | House |
| 1:51 | Build | Lumber Camp |
| 1:53 | Create | Villager (Male) |
| 1:53 | Create | Villager (Male) |
| 1:58 | Create | Villager (Male) |
| 2:44 | Create | Villager (Male) |
| 2:56 | Create | Villager (Male) |
| 2:58 | Create | Villager (Male) |
| 3:38 | Build | House |
| 4:04 | Build | Mill |
| 4:05 | Create | Villager (Male) |
| 4:05 | Create | Villager (Male) |
| 4:46 | Create | Villager (Male) |
| 4:50 | Create | Villager (Male) |
| 5:38 | Build | Farm |
| 5:42 | Build | Farm |
| 5:48 | Build | House |
| 5:55 | Create | Villager (Male) |
| 5:55 | Create | Villager (Male) |
| 6:07 | Create | Villager (Male) |
| 6:22 | Create | Villager (Male) |
| 6:45 | Create | Villager (Male) |
| 6:48 | Create | Villager (Male) |
| 7:02 | Create | Villager (Male) |
| 7:13 | Build | House |
| 8:04 | Build | Lumber Camp |
| 8:11 | Create | Villager (Male) |
| 8:13 | Create | Villager (Male) |
| 9:14 | Create | Villager (Male) |
| 9:14 | Create | Villager (Male) |
| 9:15 | Create | Villager (Male) |
| 9:50 | Build | Mining Camp |
| 9:56 | Research | Feudal Age |
| 10:53 | Build | Barracks |
| 11:07 | Build | House |
| 11:09 | Build | House |
| 12:17 | Build | Farm |
| 12:22 | Build | Farm |
| 12:24 | Build | Farm |
| 12:27 | Build | Farm |
| 12:31 | Build | Farm |
| 12:48 | Build | Blacksmith |
| 12:53 | Build | Market |
| 12:58 | Create | Villager (Male) |
| 12:58 | Create | Villager (Male) |
| 13:22 | Build | Stable |
| 13:23 | Build | Stable |
| 13:56 | Research | Castle Age |
| 14:44 | Build | House |
| 14:45 | Build | House |
| 14:46 | Build | House |
| 14:50 | Build | House |
| 14:51 | Build | House |
| 14:53 | Build | House |
| 15:47 | Research | Double-Bit Axe |
| 15:50 | Research | Horse Collar |
| 16:26 | Create | Villager (Male) |
| 16:27 | Create | Villager (Male) |
| 16:27 | Create | Villager (Male) |
| 16:41 | Build | Town Center |
| 16:50 | Create | Knight |
| 17:03 | Build | Farm |
| 17:06 | Build | Farm |
| 17:08 | Build | Farm |
| 17:12 | Build | Farm |
| 17:16 | Build | Farm |
| 17:27 | Create | Knight |
| 17:49 | Create | Knight |
| 17:54 | Create | Knight |
| 18:01 | Build | Farm |
| 18:03 | Build | Farm |
| 18:08 | Build | Farm |
| 18:09 | Create | Villager (Male) |
| 18:10 | Create | Villager (Male) |
| 18:33 | Create | Villager (Male) |
| 18:34 | Create | Villager (Male) |
| 18:34 | Create | Villager (Male) |
| 18:58 | Create | Villager (Male) |
| 18:58 | Create | Villager (Male) |
| 18:59 | Create | Villager (Male) |
| 19:04 | Build | Farm |
| 19:06 | Build | Farm |
| 19:23 | Create | Villager (Male) |
| 19:25 | Create | Villager (Male) |
| 19:26 | Create | Villager (Male) |
| 19:37 | Build | Farm |
| 19:53 | Research | Heavy Plow |
| 21:51 | Create | Villager (Male) |
| 21:52 | Create | Villager (Male) |
| 21:52 | Create | Villager (Male) |
| 21:52 | Create | Villager (Male) |
| 21:53 | Create | Villager (Male) |
| 22:35 | Create | Villager (Male) |
| 22:36 | Create | Villager (Male) |
| 22:36 | Create | Villager (Male) |
| 23:36 | Create | Villager (Male) |
| 23:40 | Build | Mining Camp |
| 23:45 | Create | Villager (Male) |
| 23:48 | Research | Stone Mining |
| 23:50 | Create | Villager (Male) |
| 23:50 | Create | Villager (Male) |
| 23:50 | Create | Villager (Male) |
| 23:53 | Create | Villager (Male) |
| 24:02 | Research | Bow Saw |
| 24:06 | Build | Lumber Camp |
| 24:16 | Build | House |
| 24:17 | Build | House |
| 24:18 | Build | House |
| 24:58 | Create | Villager (Male) |
| 24:59 | Create | Villager (Male) |
| 25:00 | Research | Wheelbarrow |
| 25:03 | Research | Stone Shaft Mining |
| 25:30 | Create | Villager (Male) |
| 25:31 | Create | Villager (Male) |
| 25:31 | Create | Villager (Male) |
| 25:39 | Build | Farm |
| 25:40 | Build | Farm |
| 25:41 | Build | Farm |
| 25:43 | Build | Mill |
| 26:12 | Create | Knight |
| 26:12 | Create | Knight |
| 26:13 | Create | Knight |
| 26:13 | Create | Knight |
| 26:13 | Create | Knight |
| 26:13 | Create | Knight |
| 26:14 | Create | Knight |
| 26:14 | Create | Knight |
| 26:14 | Create | Knight |
| 26:14 | Create | Knight |
| 26:15 | Create | Knight |
| 26:15 | Create | Knight |
| 26:36 | Create | Villager (Male) |
| 26:36 | Create | Villager (Male) |
| 26:36 | Create | Villager (Male) |
| 27:03 | Create | Spearman |
| 27:03 | Create | Spearman |
| 27:03 | Create | Spearman |
| 27:03 | Create | Spearman |
| 27:04 | Create | Spearman |
| 27:21 | Build | Farm |
| 27:23 | Build | Farm |
| 27:25 | Build | Farm |
| 27:28 | Create | Villager (Male) |
| 27:28 | Create | Villager (Male) |
| 27:38 | Build | Farm |
Build order — Dinasty FC
First 150 of 298 actions detected
| 0:01 | Create | Villager (Male) |
| 0:01 | Create | Villager (Male) |
| 0:01 | Create | Villager (Male) |
| 0:02 | Create | Villager (Male) |
| 0:02 | Create | Villager (Male) |
| 0:03 | Build | House |
| 0:06 | Build | House |
| 1:33 | Create | Villager (Male) |
| 1:34 | Create | Villager (Male) |
| 1:48 | Build | Lumber Camp |
| 1:58 | Create | Villager (Male) |
| 2:17 | Create | Villager (Male) |
| 2:17 | Create | Villager (Male) |
| 2:42 | Create | Villager (Male) |
| 3:13 | Create | Villager (Male) |
| 3:18 | Build | House |
| 3:34 | Create | Villager (Male) |
| 3:34 | Create | Villager (Male) |
| 4:04 | Build | Mill |
| 4:24 | Create | Villager (Male) |
| 4:52 | Create | Villager (Male) |
| 4:52 | Create | Villager (Male) |
| 5:15 | Create | Villager (Male) |
| 5:15 | Create | Villager (Male) |
| 5:26 | Build | House |
| 5:40 | Create | Villager (Male) |
| 5:40 | Create | Villager (Male) |
| 5:41 | Create | Villager (Male) |
| 5:41 | Create | Villager (Male) |
| 7:00 | Create | Villager (Male) |
| 7:00 | Create | Villager (Male) |
| 7:01 | Create | Villager (Male) |
| 7:01 | Create | Villager (Male) |
| 8:09 | Research | Feudal Age |
| 8:21 | Build | Mining Camp |
| 8:59 | Build | Mining Camp |
| 9:12 | Build | Farm |
| 9:12 | Build | Farm |
| 9:57 | Create | Villager (Male) |
| 9:57 | Create | Villager (Male) |
| 10:17 | Build | Farm |
| 10:27 | Build | Farm |
| 10:51 | Build | Blacksmith |
| 11:01 | Build | House |
| 11:04 | Build | House |
| 11:57 | Build | Market |
| 13:07 | Research | Castle Age |
| 13:14 | Create | Villager (Male) |
| 13:14 | Create | Villager (Male) |
| 14:07 | Create | Villager (Male) |
| 15:51 | Build | Castle |
| 16:02 | Build | Farm |
| 16:02 | Build | Farm |
| 16:13 | Build | University |
| 16:25 | Build | Monastery |
| 16:31 | Create | Villager (Male) |
| 16:32 | Create | Villager (Male) |
| 16:39 | Research | Double-Bit Axe |
| 16:42 | Research | Horse Collar |
| 17:09 | Create | Villager (Male) |
| 17:25 | Build | Farm |
| 17:29 | Create | Hussite Wagon |
| 17:30 | Create | Hussite Wagon |
| 17:30 | Create | Hussite Wagon |
| 17:49 | Create | Villager (Male) |
| 17:54 | Research | Fervor |
| 18:09 | Create | Villager (Male) |
| 18:12 | Create | Villager (Male) |
| 18:29 | Build | Mining Camp |
| 18:47 | Create | Villager (Male) |
| 18:47 | Create | Villager (Male) |
| 19:11 | Create | Hussite Wagon |
| 19:11 | Create | Hussite Wagon |
| 19:29 | Create | Villager (Male) |
| 19:32 | Build | Farm |
| 19:40 | Research | Chemistry |
| 20:18 | Create | Villager (Male) |
| 20:19 | Create | Villager (Male) |
| 20:58 | Create | Hussite Wagon |
| 21:01 | Create | Villager (Male) |
| 21:02 | Create | Villager (Male) |
| 21:10 | Build | Barracks |
| 21:22 | Build | Barracks |
| 21:49 | Create | Villager (Male) |
| 22:09 | Build | House |
| 22:11 | Build | House |
| 22:12 | Build | House |
| 22:13 | Build | House |
| 22:22 | Build | Archery Range |
| 22:35 | Build | Archery Range |
| 22:46 | Build | Archery Range |
| 22:51 | Create | Villager (Male) |
| 22:51 | Create | Villager (Male) |
| 23:03 | Build | Town Center |
| 23:12 | Create | Hand Cannoneer |
| 23:13 | Create | Hand Cannoneer |
| 23:13 | Create | Hand Cannoneer |
| 23:13 | Create | Hand Cannoneer |
| 23:13 | Create | Hand Cannoneer |
| 23:31 | Build | Archery Range |
| 23:45 | Build | Stone Wall |
| 24:04 | Build | Siege Workshop |
| 24:10 | Create | Hand Cannoneer |
| 24:10 | Create | Hand Cannoneer |
| 24:10 | Create | Hand Cannoneer |
| 24:20 | Build | House |
| 24:20 | Build | House |
| 24:20 | Build | House |
| 24:20 | Build | House |
| 24:40 | Create | Battering Ram |
| 25:01 | Create | Hand Cannoneer |
| 25:01 | Create | Hand Cannoneer |
| 25:02 | Create | Hand Cannoneer |
| 25:07 | Create | Villager (Male) |
| 25:07 | Create | Villager (Male) |
| 25:17 | Build | Farm |
| 25:21 | Build | Farm |
| 25:21 | Build | Farm |
| 25:22 | Build | Farm |
| 25:22 | Build | Farm |
| 25:24 | Build | Farm |
| 25:24 | Build | Farm |
| 25:25 | Build | Farm |
| 25:53 | Build | House |
| 25:55 | Build | House |
| 25:56 | Build | House |
| 25:56 | Build | House |
| 25:56 | Build | House |
| 26:46 | Create | Villager (Male) |
| 26:46 | Create | Villager (Male) |
| 26:47 | Create | Villager (Male) |
| 26:47 | Create | Villager (Male) |
| 26:47 | Create | Villager (Male) |
| 27:41 | Create | Villager (Male) |
| 27:42 | Create | Villager (Male) |
| 27:42 | Create | Villager (Male) |
| 27:43 | Create | Villager (Male) |
| 28:10 | Create | Villager (Male) |
| 28:10 | Create | Villager (Male) |
| 28:11 | Create | Villager (Male) |
| 28:36 | Create | Villager (Male) |
| 28:37 | Create | Villager (Male) |
| 28:37 | Create | Villager (Male) |
| 28:44 | Build | Lumber Camp |
| 29:08 | Create | Mangonel |
| 29:11 | Create | Battering Ram |
| 29:14 | Create | Hand Cannoneer ×3 |
| 29:15 | Create | Hand Cannoneer ×3 |
| 29:44 | Build | Town Center |
| 29:50 | Build | Lumber Camp |
Build order — Johsebass
First 150 of 345 actions detected
| 0:01 | Create | Villager (Male) ×4 |
| 0:03 | Build | House |
| 0:04 | Build | House |
| 1:27 | Create | Villager (Male) |
| 1:46 | Build | Lumber Camp |
| 2:01 | Create | Villager (Male) |
| 2:17 | Create | Villager (Male) |
| 2:51 | Create | Villager (Male) |
| 3:07 | Create | Villager (Male) |
| 3:25 | Build | House |
| 3:27 | Build | House |
| 3:36 | Create | Villager (Male) |
| 3:52 | Create | Villager (Male) |
| 4:17 | Build | Mill |
| 4:36 | Create | Villager (Male) |
| 5:01 | Create | Villager (Male) |
| 5:08 | Create | Villager (Male) |
| 5:43 | Create | Villager (Male) |
| 6:16 | Create | Villager (Male) |
| 6:49 | Create | Villager (Male) |
| 6:50 | Create | Villager (Male) |
| 7:13 | Create | Villager (Male) |
| 7:44 | Build | House |
| 7:57 | Create | Villager (Male) |
| 8:09 | Build | Lumber Camp |
| 8:20 | Create | Villager (Male) |
| 8:39 | Create | Villager (Male) |
| 8:39 | Create | Villager (Male) |
| 9:03 | Build | Mining Camp |
| 9:33 | Research | Feudal Age |
| 9:49 | Create | Villager (Male) |
| 9:50 | Create | Villager (Male) |
| 10:29 | Build | Farm |
| 10:30 | Build | Farm |
| 10:33 | Build | Farm |
| 10:35 | Build | Farm |
| 11:39 | Build | House |
| 11:40 | Build | House |
| 11:54 | Age | Feudal Age |
| 12:01 | Build | Town Center |
| 12:05 | Create | Villager (Male) |
| 12:05 | Create | Villager (Male) |
| 12:08 | Research | Double-Bit Axe |
| 12:11 | Research | Horse Collar |
| 12:57 | Build | Blacksmith |
| 13:13 | Create | Villager (Male) |
| 13:14 | Create | Villager (Male) |
| 13:23 | Create | Villager (Male) |
| 13:24 | Research | Gold Mining |
| 13:32 | Create | Villager (Male) ×4 |
| 13:51 | Build | House |
| 13:54 | Create | Villager (Male) |
| 14:16 | Build | Siege Workshop |
| 14:24 | Create | Villager (Male) |
| 14:51 | Create | Villager (Male) |
| 15:02 | Create | Battering Ram |
| 15:03 | Create | Battering Ram |
| 15:09 | Create | Battering Ram |
| 15:17 | Create | Villager (Male) |
| 15:27 | Create | Villager (Male) |
| 15:52 | Create | Battering Ram |
| 15:54 | Create | Battering Ram |
| 16:12 | Create | Villager (Male) |
| 16:13 | Create | Villager (Male) |
| 16:22 | Build | Farm |
| 16:23 | Build | Farm |
| 16:25 | Build | Farm |
| 16:27 | Build | Farm |
| 16:34 | Build | House |
| 16:35 | Build | House |
| 16:36 | Build | House |
| 16:37 | Build | House |
| 16:37 | Build | House |
| 16:38 | Build | House |
| 16:43 | Create | Villager (Male) |
| 17:05 | Create | Villager (Male) |
| 17:17 | Build | Farm |
| 17:19 | Build | Farm |
| 17:22 | Build | Farm |
| 17:24 | Create | Villager (Male) |
| 17:45 | Create | Villager (Male) |
| 18:25 | Build | Farm |
| 18:28 | Create | Villager (Male) |
| 18:28 | Create | Villager (Male) |
| 18:29 | Create | Villager (Male) |
| 18:30 | Create | Villager (Male) |
| 18:39 | Build | Market |
| 18:44 | Create | Villager (Male) |
| 19:03 | Build | Farm |
| 19:07 | Build | Farm |
| 19:10 | Build | Farm |
| 19:12 | Build | Farm |
| 19:15 | Create | Villager (Male) |
| 19:16 | Create | Villager (Male) |
| 19:31 | Build | Farm |
| 19:35 | Build | Farm |
| 19:37 | Create | Villager (Male) |
| 19:38 | Create | Villager (Male) |
| 19:52 | Build | Farm |
| 19:57 | Build | Farm |
| 20:14 | Create | Villager (Male) |
| 20:15 | Create | Villager (Male) |
| 20:19 | Build | Farm |
| 20:22 | Build | Farm |
| 20:30 | Create | Villager (Male) |
| 20:38 | Build | Farm |
| 20:39 | Build | Farm |
| 20:51 | Create | Villager (Male) |
| 20:51 | Create | Villager (Male) |
| 21:00 | Create | Villager (Male) |
| 21:12 | Build | Mill |
| 21:16 | Build | Farm |
| 21:23 | Create | Villager (Male) |
| 21:24 | Create | Villager (Male) |
| 21:46 | Create | Villager (Male) |
| 21:47 | Create | Villager (Male) |
| 21:50 | Build | Farm |
| 21:52 | Build | Farm |
| 21:57 | Build | Farm |
| 21:58 | Build | Farm |
| 21:59 | Build | Farm |
| 22:01 | Build | Farm |
| 22:02 | Build | Farm |
| 22:06 | Create | Villager (Male) |
| 22:07 | Create | Villager (Male) |
| 22:37 | Create | Villager (Male) |
| 22:46 | Create | Villager (Male) |
| 22:47 | Create | Villager (Male) |
| 22:56 | Build | Farm |
| 23:12 | Build | Farm |
| 23:16 | Research | Castle Age |
| 23:24 | Research | Wheelbarrow |
| 23:28 | Research | Loom |
| 23:31 | Create | Villager (Male) |
| 23:31 | Create | Villager (Male) |
| 23:38 | Build | Mining Camp |
| 23:43 | Research | Town Watch |
| 23:47 | Build | House |
| 23:48 | Build | House |
| 23:48 | Build | House |
| 23:49 | Build | House |
| 23:54 | Create | Villager (Male) |
| 24:11 | Create | Villager (Male) |
| 24:12 | Create | Villager (Male) |
| 24:14 | Create | Villager (Male) |
| 24:16 | Create | Villager (Male) |
| 24:19 | Research | Stone Mining |
| 24:37 | Build | Lumber Camp |
| 24:46 | Build | Lumber Camp |
| 24:56 | Create | Villager (Male) ×5 |
Match timeline
| 9:44 | osmevoll · first_building Barracks |
| 10:13 | osmevoll · age_up feudal |
| 10:53 | camiloCH2002 · first_building Barracks |
| 11:13 | osmevoll · first_building Archery Range |
| 11:54 | Johsebass · age_up feudal |
| 13:22 | camiloCH2002 · first_building Stable |
| 14:16 | Johsebass · first_building Siege Workshop |
| 15:51 | Dinasty FC · first_building Castle |
| 16:25 | Dinasty FC · first_building Monastery |
| 21:10 | Dinasty FC · first_building Barracks |
| 22:22 | Dinasty FC · first_building Archery Range |
| 23:01 | osmevoll · wall_segment Stone Wall x7 |
| 23:45 | Dinasty FC · wall_segment Stone Wall x1 |
| 24:04 | Dinasty FC · first_building Siege Workshop |
| 26:08 | Johsebass · age_up castle |
| 26:30 | Johsebass · first_building Monastery |
| 27:45 | osmevoll · wall_segment Stone Wall x1 |
| 27:56 | Johsebass · first_building Barracks |
| 28:32 | camiloCH2002 · first_building Castle |
| 29:40 | camiloCH2002 · first_building Siege Workshop |
| 32:52 | Johsebass · first_building Castle |
| 35:05 | camiloCH2002 · first_market_sell 100 wood |
| 35:17 | osmevoll · resign |
| 37:15 | Johsebass · age_up imperial |
| 44:49 | Johsebass · first_building Archery Range |
[ AI ANALYSIS · 1 CREDIT ]
What really happened in this match?
Wolo.gg analyzes every decision: build order, eco, micro, common mistakes by bracket. Personalized analysis on WhatsApp or Discord in 30 seconds.
Civ guide
Britons
Perfil
Jugador #4140882